Map: Terrassen von Prion

Players

DPryde - Winner!

  • Race: Terran Terran
  • League: Gold

fragleader

  • Race: Protoss Protoss
  • League: Silver

VOD

Have the link to the VOD?

Description

Time

  • Played on: Dec. 15, 2015, 3:50 p.m.
  • Length: 10:55
Show
View Real Time Build Order
Export as new Build Order

DPryde Terran - Winner!

Build Orders: Bio Tank, MMM Bio 

Get SALT Encoding   

  12  0:01  SCV  
  13  0:13  SCV  
  14  0:21  Supply Depot  
  14  0:29  SCV  
  15  0:43  SCV  
  15  0:46  Barracks  
  16  0:53  Refinery  
  16  0:55  SCV  
  17  1:07  SCV  
  18  1:19  SCV  
  19  1:35  Orbital Command  
  19  1:38  Supply Depot  
  19  1:39  Reaper  
  20  2:01  SCV  
  21  2:14  Marine  
  22  2:16  SCV  
  23  2:26  Factory  
  23  2:28  SCV  
  24  2:42  Command Center, SCV  
  24  2:47  Marine  
  25  2:52  Refinery  
  25  3:02  SCV  
  25  3:04  Marine  
  27  3:14  Factory Tech Lab  
  27  3:17  Starport  
  27  3:22  Marine  
  27  3:23  Barracks  
  27  3:24  Barracks  
  27  3:25  Barracks  
  27  3:26  SCV, Barracks  
  29  3:38  SCV  
  30  3:48  Supply Depot  
  30  3:50  SCV  
  30  3:53  Siege Tank  
  30  3:55  Barracks Tech Lab  
  34  3:59  Orbital Command  
  34  4:12  Medivac  
  34  4:16  Barracks Tech Lab  
  36  4:17  Marine x2  
  36  4:18  Marine  
  36  4:21  SCV  
  39  4:33  SCV  
  39  4:36  Barracks Tech Lab  
  40  4:38  Stimpack  
  40  4:39  SCV  
  41  4:46  SCV, Supply Depot  
  41  4:51  SCV  
  43  4:58  SCV, Refinery, Marine  
  45  5:03  SCV, Supply Depot  
  45  5:06  Marine x2  
  48  5:12  SCV  
  48  5:14  Siege Tank  
  51  5:16  Marine  
  51  5:23  Marine x3  
  51  5:28  SCV  
  53  5:29  Bunker  
  53  5:32  Combat Shields  
  53  5:33  Marine  
  53  5:34  Marine  
  55  5:37  Medivac  
  55  5:41  Marine x3  
  60  5:51  Marine x2  
  62  5:58  SCV  
  62  5:59  SCV, Marine x3  
  62  6:02  Siege Tank  
  70  6:16  Engineering Bay  
  70  6:24  Supply Depot  
  70  6:35  Refinery  
  70  6:45  SCV x2, Marine x5  
  77  6:58  SCV  
  78  7:15  SCV  
  78  7:16  Marine  
  78  7:17  SCV, Marine x2  
  78  7:41  Supply Depot  
  78  7:43  Terran Infantry Weapons Level 1, Supply Depot x2  
  78  7:45  Supply Depot  
  78  7:46  Supply Depot  
  78  7:49  Supply Depot  
  78  7:50  Command Center, Barracks Tech Lab  
  78  7:51  Barracks Tech Lab x2  
  78  7:54  Barracks Tech Lab  
  78  7:56  Concussive Shells  
  78  8:03  SCV x2, Medivac, Marine x3  
  85  8:13  Marauder x2  
  85  8:15  SCV x2  
  91  8:20  Marine x3  
  94  8:27  SCV  
  94  8:32  Missile Turret  
  94  8:33  Medivac  
  96  8:34  Missile Turret, Marauder x2  
  96  8:36  Missile Turret  
  96  8:38  Marine  
  96  8:39  Marauder x2  
  96  8:41  Missile Turret  
  107  8:56  Marauder x2  
  107  8:57  Marauder  
  107  9:00  Marauder, Marine  
  114  9:03  Medivac  
  116  9:14  Sensor Tower  
  118  9:17  Marine, Marauder x2  
  118  9:18  Marauder  
  118  9:21  Marine  
  118  9:22  SCV x3  
  127  9:33  Viking  
  127  9:34  SCV x3  
  127  9:35  Marine  
  127  9:36  Refinery  
  127  9:38  Marauder, Marine  
  135  9:39  Marauder, Marine  
  135  9:44  Starport  
  139  9:46  SCV x2  
  139  9:52  Orbital Command  
  141  9:59  Refinery  
  141  10:02  Marauder  
  141  10:06  Marauder x2  
  140  10:07  Marauder  
  140  10:08  Medivac, Marauder  
  117  10:23  Marauder  
  117  10:27  Marine x2  
  114  10:28  Marauder  
  114  10:29  Marauder  
  118  10:41  Supply Depot  
Show
View Real Time Build Order
Export as new Build Order

fragleader Protoss 

Build Orders:  

Get SALT Encoding   

  12  0:01  Probe (Chrono Boost)  
  13  0:11  Probe (Chrono Boost)  
  14  0:17  Pylon  
  14  0:22  Probe (Chrono Boost)  
  15  0:36  Probe (Chrono Boost)  
  15  0:39  Gateway  
  16  0:46  Probe (Chrono Boost)  
  18  0:57  Probe (Chrono Boost), Gateway  
  18  1:07  Probe (Chrono Boost), Assimilator  
  19  1:17  Pylon  
  19  1:19  Probe (Chrono Boost)  
  20  1:30  Cybernetics Core, Probe (Chrono Boost)  
  21  1:35  Zealot  
  23  1:41  Probe (Chrono Boost)  
  24  1:52  Probe (Chrono Boost)  
  25  2:02  Assimilator  
  25  2:03  Probe (Chrono Boost)  
  25  2:06  Pylon  
  25  2:07  Warp Gate (Chrono Boost)  
  26  2:16  Probe (Chrono Boost)  
  26  2:17  Stalker  
  29  2:41  Pylon  
  28  2:45  Stalker  
  30  3:00  Adept  
  32  3:11  Probe  
  33  3:14  Nexus  
  33  3:16  Pylon  
  33  3:19  Forge  
  33  3:23  Probe  
  34  3:28  Sentry  
  36  3:41  Assimilator  
  36  3:42  Stalker  
  36  3:45  Probe, Assimilator  
  39  3:53  Protoss Ground Armor Level 1 (Chrono Boost)  
  39  4:01  Mothership Core  
  41  4:22  Probe  
  42  4:29  Stalker  
  44  4:34  Probe  
  44  4:36  Probe  
  46  4:40  Robotics Facility  
  46  4:42  Zealot  
  48  4:46  Probe  
  49  4:53  Stalker  
  49  4:55  Probe  
  52  5:06  Gateway  
  52  5:08  Probe  
  52  5:09  Pylon  
  52  5:13  Pylon  
  53  5:23  Probe  
  53  5:24  Probe  
  53  5:26  Stalker x2  
  59  5:30  Observer  
  59  5:33  Probe, Protoss Ground Weapons Level 1 (Chrono Boost)  
  61  5:36  Probe  
  62  5:44  Probe  
  63  5:52  Twilight Council  
  63  5:59  Pylon  
  63  6:00  Gateway  
  67  6:04  Immortal (Chrono Boost)  
  67  6:09  Probe  
  67  6:10  Probe  
  69  6:15  Pylon  
  69  6:17  Pylon  
  69  6:19  Sentry  
  69  6:21  Sentry  
  69  6:24  Zealot  
  75  6:28  Probe  
  76  6:35  Charge  
  76  6:42  Stalker  
  76  6:44  Stalker  
  80  6:53  Probe  
  80  6:54  Probe  
  78  7:10  Stalker  
  78  7:11  Nexus  
  78  7:37  Pylon  
  78  7:41  Pylon  
  78  7:55  Photon Cannon  
  78  8:00  Probe  
  78  8:03  Photon Cannon  
  79  8:16  Warp Prism (Chrono Boost)  
  81  8:23  Stalker x2, Zealot x2  
  89  8:29  Probe x2  
  89  8:31  Probe  
  92  8:35  Photon Cannon  
  90  9:02  Probe  
  90  9:03  Probe x2, Photon Cannon  
  90  9:07  Photon Cannon  
  90  9:08  Stalker x2, Pylon  
  90  9:09  Sentry, Zealot  
  101  9:17  Templar Archives  
  101  9:23  Probe x2  
  103  9:27  Probe  
  103  9:28  Pylon  
  102  9:32  Pylon  
  102  9:35  Probe  
  102  9:37  Immortal (Chrono Boost)  
  107  9:42  Zealot x2  
  107  9:43  Zealot  
  113  9:48  Mothership Core  
  115  9:56  High Templar  
  59  10:32  Zealot x3  
  59  10:33  Zealot  
Tags
 
Add a new tag
Caveats
  • Supply blocks, unpowered buildings, or Contaminate may cause inaccurate times.
  • Supply counts are checked every 10 seconds.